 Dungeon Crawl Stone Soup version 0.27.1-15-g792fb953b9 (webtiles) character file.

Game seed: 5829373563782677960

30 ddubois the Covert (level 3, -1/19 HPs)
             Began as a Spriggan Delver on Nov 20, 2021.
             Slain by a hobgoblin (9 damage)
             ... on level 1 of the Dungeon.
             The game lasted 00:05:11 (1114 turns).

ddubois the Covert (Spriggan Delver)                Turns: 1114, Time: 00:05:12

Health: -1/19      AC:  2    Str:  8    XL:     3   Next: 3%
Magic:  4/4        EV: 17    Int: 12    God:
Gold:   46         SH:  0    Dex: 16    Spells: 2/2 levels left

rFire    . . .     SeeInvis +   a - +0 short sword
rCold    . . .     Faith    .   (shield restricted)
rNeg     . . .     Spirit   .   b - +0 robe
rPois    .         Reflect  .   (helmet restricted)
rElec    .         Harm     .   (no cloak)
rCorr    .         Rampage  .   (gloves unavailable)
Will     .....                  (boots unavailable)
Stlth    ++++......             (no amulet)
HPRegen  0.06/turn              (no ring)
MPRegen  0.09/turn              (no ring)

@: very quick
A: very small, no large weapons, unfitting armour, see invisible, speed 3
a: no special abilities


You were on level 1 of the Dungeon.
You visited 1 branch of the dungeon, and saw 5 of its levels.

You collected 46 gold pieces.

Inventory:

Hand Weapons
 a - a +0 short sword (weapon)
Armour
 b - a +0 robe (worn)
Wands
 g - a wand of digging (3)
Scrolls
 c - a scroll of fog
 d - a scroll of magic mapping
 e - a scroll of fear
 h - a scroll of enchant weapon {unknown}
 i - 2 scrolls of identify {unknown}
 k - a scroll of holy word {unknown}
Potions
 f - a potion of haste
 j - 2 potions of curing {unknown}


   Skills:
 + Level 2.6 Fighting
 + Level 2.5 Short Blades
 + Level 3.1 Dodging
 - Level 8.0 Stealth


You had 2 spell levels left.
You didn't know any spells.
Your spell library was empty.

Dungeon Overview and Level Annotations

Branches:
Dungeon (5/15)
 Temple: D:4-7

Altars:
Xom


Innate Abilities, Weirdness & Mutations

You are very small and have problems with some larger weapons.
You are too small for most types of armour.
You have supernaturally acute eyesight. (SInv)
You cover ground extremely quickly. (Speed+++)


Message History

The hobgoblin hits you but does no damage.
Things that are here:
a +0 club; 3 golden potions; a scroll labelled FAHEINU ROUTH You hit the hobgoblin but do no damage.
The hobgoblin hits you with a +0 hand axe.
You barely miss the hobgoblin. The hobgoblin closely misses you.
You hit the hobgoblin.
The hobgoblin is moderately wounded.
The hobgoblin hits you with a +0 hand axe.
You barely miss the hobgoblin.
The hobgoblin is moderately wounded.
The hobgoblin barely misses you.
You hit the hobgoblin but do no damage.
The hobgoblin is moderately wounded.
The hobgoblin closely misses you.
You hit the hobgoblin.
The hobgoblin is heavily wounded.
The hobgoblin completely misses you.
You hit the hobgoblin but do no damage.
The hobgoblin is moderately wounded.
The hobgoblin closely misses you.
You hit the hobgoblin.
The hobgoblin is severely wounded.
The hobgoblin barely misses you.
You closely miss the hobgoblin.
The hobgoblin is severely wounded.
The hobgoblin misses you.
You hit the hobgoblin but do no damage.
The hobgoblin is severely wounded.
The hobgoblin hits you with a +0 hand axe.
You are too injured to fight recklessly!
You are too injured to fight recklessly!
You are too injured to fight recklessly!
You are too injured to fight recklessly!
You are too injured to fight recklessly!
You are too injured to fight recklessly!
You barely miss the hobgoblin.
The hobgoblin is severely wounded.
The hobgoblin hits you with a +0 hand axe!
You die...

#......# #.. ... ... ...
#### #.# #.# ... #.# #)#
##.###.###.#
#####...รท...##.##
........##.g#...##########
...##...##..@.#.....)....#
# #.#...##.##..$########.#
####...[##.###.##
#..........# #.#
#.##....######.# .
#.#.......##.#####
..##.#.###.##.#... ###
#.#.###.##.#.#
#....##.##...#


You could see a hobgoblin.

Vanquished Creatures
  An adder (D:5)
  A worm (D:2)
  An orc (D:3)
  2 ball pythons
  A bat (D:1)
  3 goblins (D:1)
  3 hobgoblins
  A kobold (D:3)
  A quokka (D:1)
  A rat (D:3)
15 creatures vanquished.

Notes
Turn   | Place    | Note
-------+----------+-------------------------------------------
     0 | D:5      | ddubois the Spriggan Delver began the quest for the Orb.
     0 | D:5      | Reached XP level 1. HP: 11/11 MP: 2/2
    35 | D:5      | Reached XP level 2. HP: 16/16 MP: 3/3
    42 | D:5      | Noticed a kobold brigand
   315 | D:3      | Found a shimmering altar of Xom.
   319 | D:3      | Noticed a crimson imp
   319 | D:3      | Noticed a crimson imp
   320 | D:3      | Noticed a crimson imp
   320 | D:3      | Noticed a crimson imp
   368 | D:3      | Found a faded altar of an unknown god.
  1092 | D:1      | Reached skill level 8 in Stealth
  1092 | D:1      | Reached XP level 3. HP: 19/19 MP: 4/4
  1114 | D:1      | Slain by a hobgoblin

Illustrated notes

Levels and vault maps discovered:
D:1:      minmay_arrival_hallway, layout_loops_ring
D:2:      wander_river, layout_basic, serial_park_tiny_pond
D:3:      layout_rooms, led_xom_imps, hellmonk_ecumenical_altar_blasted
D:4:      layout_loops_ring, temple_statues, serial_shops, shop
D:5:      layout_loops_ring, mainiacjoe_overflow_24_doors,
          nicolae_uskayaw_murder_on_the_dancefloor, minmay_manual_mandibuliform,
          uniq_edmund, uniq_ijyb

Skill      XL: |  1  2 |
---------------+-------+-----
Dodging        | 3 |  3.1
Stealth        | 8 |  8.0
Fighting       | |  2.6
Short Blades   | |  2.5

Action                   || total
-------------------------++-------
Melee: Short sword       ||    71
 Stab: Sleeping          ||     3
       Distracted        ||     1
Armor: Robe              ||     5
Dodge: Dodged            ||    56
